 Dungeon Crawl Stone Soup version 0.29-a0-22-gbf593b16ee (console) character file.

Game seed: 1949000064250791188

30887 Melian the Warrior (level 13, -6/134 HPs)
             Began as a Minotaur Berserker on Jan 29, 2022.
             Was a High Priest of Trog.
             Splashed with acid (10 damage)
             ... in an ice cave on Jan 30, 2022.
             The game lasted 00:54:19 (15283 turns).

Melian the Warrior (Minotaur Berserker)            Turns: 15283, Time: 00:54:20

Health: -6/134     AC: 23    Str: 27    XL:     13   Next: 23%
Magic:  0/12       EV:  8    Int:  4    God:    Trog [*****.]
Gold:   904        SH:  0    Dex:  8    Spells: 12/12 levels left

rFire   . . .      SeeInvis +   o - +4 executioner's axe
rCold   + . .      Faith    .   (shield currently unavailable)
rNeg    . . .      Spirit   +   v - +0 plate armour
rPois   .          Reflect  .   b - +2 hat {SInv}
rElec   .          Harm     .   (no cloak)
rCorr   .          Rampage  .   i - +1 pair of gloves
Will    .....                   (no boots)
Stlth   ..........              q - amulet of guardian spirit
HPRegen 0.32/turn               c - +4 ring of protection
MPRegen 0.13/turn               s - ring of protection from cold

@: engulfed (cannot breathe), unable to read
A: horns 2, retaliatory headbutt, beak, clumsy 1, inability to read while
threatened
a: Renounce Religion, Berserk, Trog's Hand, Brothers in Arms


You were in an ice cave.
You worshipped Trog.
Trog was extremely pleased with you.
You visited 2 branches of the dungeon, and saw 14 of its levels.
You also visited: Ice Cave.

You collected 904 gold pieces.

Inventory:

Hand Weapons
 o - a +4 executioner's axe (weapon)
 r - a +1 war axe of venom
 H - a +8 flail of freezing
Missiles
 x - a throwing net (quivered)
Armour
 b - a +2 hat of see invisible (worn)
 i - a +1 pair of gloves (worn)
 v - a +0 plate armour (worn)
 A - a +0 kite shield
Jewellery
 c - a +4 ring of protection (left hand)
 g - a +6 ring of intelligence
 q - an amulet of guardian spirit (around neck)
 s - a ring of protection from cold (right hand)
 B - a ring of magical power
 D - the ring "Ecaitriu" {rF+ rC- Will+ Str+2 Int+6}
   (You took it off a merfolk siren on level 2 of the Lair of Beasts)

   [ring of intelligence]

   Str:       It affects your strength (+2).
   Int:       It affects your intelligence (+6).
   rF:        It protects you from fire.
   rC:        It makes you vulnerable to cold.
   Will:      It increases your willpower.
Wands
 j - a wand of iceblast (1)
 p - a wand of mindburst (15)
 C - a wand of acid (3)
Scrolls
 a - 3 scrolls of enchant armour
 d - 6 scrolls of identify
 e - 3 scrolls of fog
 h - 4 scrolls of teleportation
 l - a scroll of blinking
 y - a scroll of fear
Potions
 f - a potion of invisibility
 k - 2 potions of ambrosia
 m - 3 potions of heal wounds
 n - a potion of flight
 t - 7 potions of curing
 u - a potion of haste
 w - a potion of cancellation {unknown}
 z - a potion of attraction
 F - a potion of might {unknown}
Miscellaneous
 E - a piece from Xom's chessboard (15/15)
 G - a box of beasts (inert)


   Skills:
 + Level 18.2 Fighting
 + Level 17.2 Axes
 - Level 10.1 Armour
 - Level 4.0 Dodging
 - Level 2.0 Shields


You had 12 spell levels left.
You didn't know any spells.
Your spell library was empty.

Dungeon Overview and Level Annotations

Branches:
Dungeon (11/15)            Temple (0/1) D:4            Lair (3/6) D:8
 Shoals (0/4) Lair:2       Spider (0/4) Lair:2        IceCv (1/1)
    Orc: D:9-12

Altars:
The Shining One

Shops:
D:7 [:   D:9 (

Annotations:
D:3 3 runed translucent doors, snaxamus's ghost, amateur NaAK


Innate Abilities, Weirdness & Mutations

You have a pair of horns on your head.
You reflexively headbutt those who attack you in melee.
You have a beak for a mouth.
You are clumsy. (Dex -2)
You sometimes lose the ability to read scrolls when taking damage.


Message History

The wall melts the ugly thing simulacrum!
The walls melt the ugly thing simulacrum!
You hit the ugly thing simulacrum.
The ugly thing simulacrum is heavily damaged.
The walls melt the ugly thing simulacrum!
The ugly thing simulacrum hits you but does no damage.
You slice the ugly thing simulacrum!!
The ugly thing simulacrum vaporises!
Trog accepts your kill.
You see here 13 stones.
You see here a +1 chain mail of cold resistance.
A quicksilver ooze comes into view.
You are splashed with acid!!
You're standing next to a slime covered wall!
You are splashed with acid!
You are splashed with acid!
You hit the quicksilver ooze.
Your headbutt misses the quicksilver ooze.
Your peck misses the quicksilver ooze.
The quicksilver ooze is lightly wounded.
You are splashed with acid!
The quicksilver ooze hits you!
* * * LOW HITPOINT WARNING * * *
The quicksilver ooze engulfs you! The quicksilver ooze hits you.
* * * LOW HITPOINT WARNING * * *
You feel your power leaking away.
You feel much better.
You are splashed with acid!!
* * * LOW HITPOINT WARNING * * *
x2 Your lungs strain for air!
The quicksilver ooze completely misses you.
The quicksilver ooze hits you!
* * * LOW HITPOINT WARNING * * *
The quicksilver ooze misses you.
The quicksilver ooze hits you but does no damage.
Press: ? - help, v - describe, . - travel The floor, spattered with blood.
Okay, then.
You hit the quicksilver ooze. You headbutt the quicksilver ooze!
The quicksilver ooze is moderately wounded.
You are splashed with acid!
You die...

##...## ##.## ##.##
####...####
#.........###
.....#####..... ##
..####...###... ####.
####.......#### ##....
##.....##......#
##.....##(...########...
#.....J@.[[### ####..
#.....###### ........
#.... ##....## ##..
###.. ## ##. .. .


You could see a quicksilver ooze.

Vanquished Creatures
  2 hydras (Lair:2)
  2 boulder beetles
  Harold (D:11)
  3 two-headed ogres
  3 death yaks (Lair:3)
  3 ugly things
  A wolf spider (Lair:2)
  2 merfolk sirens (Lair:2)
  An ice statue (IceCv)
  A black mamba (Lair:2)
  Joseph (D:7)
  2 cane toads
  A komodo dragon (Lair:2)
  9 rime drakes
  An entropy weaver simulacrum (IceCv)
  2 merfolk (Lair:2)
  A troll (D:9)
  Grinder (D:3)
  6 blink frogs
  A vampire (D:11)
  A wraith (D:9)
  18 yaks
  A culicivora (Lair:2)
  3 wyverns
  2 shadows
  4 basilisks
  12 steam dragons
  2 redbacks (Lair:2)
  2 acid dragons
  3 demonic crawler simulacra (IceCv)
  5 water moccasins
  2 orc warriors
  2 black bears
  A sky beast (D:7)
  An ugly thing simulacrum (IceCv)
  An ice beast (D:7)
  2 centaurs
  A necrophage (D:8)
  2 ogres
  12 wolves
  3 phantoms (D:5)
  12 bullfrogs
  3 kobold brigands
  A wyvern zombie (D:6)
  7 scorpions
  A water moccasin zombie (D:6)
  20 killer bees
  A howler monkey (D:10)
  A bullfrog zombie (D:6)
  A centaur zombie (D:9)
  3 jellies
  A gnoll shaman (D:7)
  A bullfrog skeleton (D:5)
  4 hounds
  5 orc priests
  2 centaur skeletons (D:7)
  2 iguanas (D:5)
  14 orc wizards
  6 hell rats (Lair:3)
  2 hound skeletons
  2 howler monkey zombies
  Robin (D:2)
  8 gnolls (D:7)
  9 adders
  2 shadow imps
  3 white imps (Lair:3)
  2 worms
  2 dart slugs
  30 orcs
  9 bats
  5 endoplasms
  2 giant cockroaches
  10 goblins
  7 hobgoblins
  27 kobolds
  4 quokkas
  6 ball pythons
  A frilled lizard (D:3)
  5 rats
346 creatures vanquished.

Vanquished Creatures (collateral kills)
  A hydra (Lair:3)
  A death yak (Lair:3)
  A cane toad (Lair:1)
  2 komodo dragons (Lair:3)
  2 blink frogs (Lair:3)
  2 yaks (Lair:1)
  9 white imps (Lair:3)
18 creatures vanquished.

Vanquished Creatures (others)
  2 demonic plants (D:2)
  29 fungi
  36 plants
  A withered plant (D:2)
68 creatures vanquished.

Grand Total: 432 creatures vanquished

Notes
Turn   | Place    | Note
-------+----------+-------------------------------------------
     0 | D:1      | Melian the Minotaur Berserker began the quest for the Orb.
     0 | D:1      | Reached XP level 1. HP: 19/19 MP: 0/0
   268 | D:1      | Reached XP level 2. HP: 20/27 MP: 1/1
   447 | D:1      | Reached skill level 4 in Fighting
   799 | D:2      | Found a faded altar of an unknown god.
   814 | D:2      | Identified the +1 helmet "Vuahump" {Will+}
   814 | D:2      | Noticed Robin
   816 | D:2      | Reached XP level 3. HP: 31/33 MP: 2/2
   825 | D:2      | Killed Robin
  1105 | D:2      | Reached XP level 4. HP: 40/41 MP: 3/3
  1979 | D:3      | Reached skill level 5 in Fighting
  1980 | D:3      | Reached ** piety under Trog
  2042 | D:3      | Noticed Grinder
  2054 | D:3      | Paralysed by Grinder for 6 turns
  2065 | D:3      | Killed Grinder
  2066 | D:3      | Reached skill level 6 in Fighting
  2066 | D:3      | Reached XP level 5. HP: 33/50 MP: 4/4
  2066 | D:3      | Reached XP level 6. HP: 37/57 MP: 5/5
  2273 | D:3      | Found a runed translucent gate.
  2273 | D:3      | Found a runed translucent gate.
  2279 | D:3      | Found a runed translucent gate.
  2868 | D:3      | Noticed snaxamus's ghost (amateur NaAK)
  3336 | D:4      | Reached skill level 7 in Fighting
  3436 | D:4      | You fall into a shaft and drop 3 floors!
  3537 | D:6      | Reached XP level 7. HP: 45/66 MP: 3/6
  3544 | D:5      | Entered Level 5 of the Dungeon
  3570 | D:4      | Identified a scroll of acquirement
  3570 | D:4      | Acquired a +2 hat of see invisible
  3824 | D:4      | Gained mutation: You have a beak for a mouth. [potion of
                  | mutation]
  3824 | D:4      | Gained mutation: You sometimes lose the ability to read
                  | scrolls when taking damage. [potion of mutation]
  3824 | D:4      | Gained mutation: You are clumsy. (Dex -2) [potion of
                  | mutation]
  4418 | D:4      | Found a staircase to the Ecumenical Temple.
  4577 | D:5      | Reached skill level 8 in Fighting
  4684 | D:5      | Reached XP level 8. HP: 68/75 MP: 7/7
  4848 | D:5      | Found the +2 hat of the Bear Spirit {Spirit, *Rage Will++}
  4956 | D:5      | Reached *** piety under Trog
  4957 | D:5      | Reached skill level 9 in Fighting
  5407 | D:6      | Reached skill level 10 in Fighting
  5407 | D:6      | Reached skill level 10 in Axes
  5992 | D:7      | Found Nyth's Self-Improvement Boutique.
  6115 | D:7      | Reached XP level 9. HP: 68/86 MP: 8/8
  6117 | D:7      | Noticed Joseph
  6283 | D:7      | Killed Joseph
  6284 | D:7      | Reached skill level 11 in Fighting
  6642 | D:7      | Found Omatybus's Armour Shop.
  6689 | D:8      | Reached **** piety under Trog
  6788 | D:8      | Noticed a two-headed ogre
  6809 | D:8      | Killed a two-headed ogre
  6810 | D:8      | Reached skill level 12 in Fighting
  6972 | D:8      | Found a glowing golden altar of the Shining One.
  7032 | D:8      | Found a staircase to the Lair.
  7047 | D:8      | Reached XP level 10. HP: 100/100 MP: 9/9
  7477 | D:9      | Reached skill level 13 in Fighting
  8182 | D:9      | Found Efesemut's Antique Weapon Shoppe.
  8434 | D:10     | Entered Level 10 of the Dungeon
  8951 | D:10     | Noticed a two-headed ogre
  8956 | D:10     | Killed a two-headed ogre
  8957 | D:10     | Reached skill level 14 in Fighting
  9255 | D:10     | Reached ***** piety under Trog
  9525 | D:11     | Noticed a purple ugly thing
  9548 | D:10     | Killed a purple ugly thing
  9549 | D:10     | Reached XP level 11. HP: 105/111 MP: 6/10
  9820 | D:11     | Noticed a two-headed ogre
  9826 | D:11     | Killed a two-headed ogre
  9898 | D:11     | Noticed a red ugly thing
  9910 | D:11     | Killed a red ugly thing
 10119 | D:11     | Noticed Harold
 10126 | D:11     | Killed Harold
 10258 | D:11     | Noticed a brown ugly thing
 10268 | D:11     | Killed a brown ugly thing
 10269 | D:11     | Reached skill level 15 in Fighting
 10269 | D:11     | Reached skill level 15 in Axes
 10307 | D:11     | Noticed a boulder beetle
 10322 | D:11     | Killed a boulder beetle
 10323 | D:11     | Reached skill level 5 in Armour
 10765 | Lair:1   | Entered Level 1 of the Lair of Beasts
 12086 | Lair:2   | Noticed an eight-headed hydra
 12242 | Lair:2   | Noticed a boulder beetle
 12252 | Lair:2   | Killed a boulder beetle
 12253 | Lair:2   | Reached skill level 16 in Fighting
 12253 | Lair:2   | Reached XP level 12. HP: 85/122 MP: 6/11
 13156 | Lair:2   | Killed a ten-headed hydra
 13157 | Lair:2   | Reached skill level 1 in Shields
 13234 | Lair:2   | Noticed a five-headed hydra
 13263 | Lair:2   | Killed an 11-headed hydra
 13449 | Lair:2   | Found a staircase to the Shoals.
 13639 | Lair:2   | Found a hole to the Spider Nest.
 13645 | Lair:2   | Reached skill level 10 in Armour
 13646 | Lair:2   | Reached skill level 17 in Fighting
 13693 | Lair:2   | Received a gift from Trog
 14178 | Lair:2   | Identified the ring "Ecaitriu" {rF+ rC- Will+ Str+2 Int+6}
 14794 | Lair:3   | Noticed a seven-headed hydra
 14864 | Lair:3   | Noticed a four-headed hydra
 14873 | Lair:3   | Killed a four-headed hydra
 14875 | Lair:3   | Reached XP level 13. HP: 113/134 MP: 9/12
 14897 | Lair:3   | Reached skill level 18 in Fighting
 14925 | Lair:3   | Found a frozen archway.
 14934 | IceCv    | Entered an ice cave
 15278 | IceCv    | Noticed a quicksilver ooze
 15282 | IceCv    | HP: 4/134 [quicksilver ooze (10)]
 15283 | IceCv    | Splashed with acid

Illustrated notes

Levels and vault maps discovered:
D:1:      dpeg_arrival_rhombi, layout_basic
D:2:      layout_basic, shapermc_ecumenical_altar_gd, uniq_robin
D:3:      layout_basic, gammafunk_ghost_icy, uniq_grinder
D:4:      layout_layer_cave, minmay_temple_entry_antechambers, st_stairs_8
D:5:      layout_cave_pools, hangedman_decor_lopped, st_stairs_4
D:6:      layout_basic
D:7:      layout_gridville, serial_shops,
          nicolae_shop_temple_entry_statues_fountains, nicolae_shop_self_help,
          uniq_joseph
D:8:      layout_cave_pools, tso_metal_star, david_lair_generic
D:9:      layout_rooms, serial_shops, nicolae_take_the_stairs
D:10:     layout_loops_corners, minmay_misc_feat_square
D:11:     layout_cave_pools, nzn_sisyphean_effort, uniq_harold
Lair:1:   layout_loops_ring, serial_bayou_shore_b
Lair:2:   layout_regular_city, elwin_shoals_entry_stream,
          spider_nest_entry_funnel_web, bobbens_dragon_lair_wall
Lair:3:   layout_small_grid, portal_ice_cave_entry_imps
IceCv:    ice_cave_hellmonk_azure_passage

Skill      XL: |  1  2  3  4  5  6  7  8  9 10 11 12 13 |
---------------+----------------------------------------+-----
Axes           | 4 6 7 8 10 12 14 16 17 | 17.2
Fighting       | 4 6 7 8 10 12 14 16 17 18 | 18.2
Armour         | 7 10 | 10.1
Dodging        | 4 |  4.0
Shields        | 2 |  2.0

Action                   |  1- 3 |  4- 6 |  7- 9 | 10-12 | 13-15 || total
-------------------------+-------+-------+-------+-------+-------++-------
Melee: Hand axe          |    45 |    90 |       |       |       ||   135
       Headbutt          |     9 |    10 |    45 |    84 |     7 ||   155
       War axe           |       |     6 |   224 |   408 |       ||   638
       Punch             |       |     2 |     5 |     6 |       ||    13
       Peck              |       |       |    30 |    93 |     6 ||   129
       Executioner's axe |       |       |       |    48 |    30 ||    78
Invok: Berserk           |     1 |     2 |     5 |     9 |     1 ||    18
       Trog's Hand       |       |     1 |     2 |     2 |       ||     5
       Brothers in Arms  |       |       |       |     3 |       ||     3
Evoke: Wand              |       |       |     3 |     9 |       ||    12
       Box of beasts     |       |       |       |       |     1 ||     1
  Use: Scroll            |     1 |     1 |    12 |    11 |       ||    25
       Potion            |       |       |     1 |     6 |     1 ||     8
 Stab: Invisible         |       |       |       |     2 |       ||     2
       Distracted        |       |       |       |       |     1 ||     1
Armor: Scale mail        |    18 |    45 |    53 |       |       ||   116
       Animal skin       |     1 |       |       |       |       ||     1
       Chain mail        |       |       |    86 |    59 |       ||   145
       Plate armour      |       |       |       |   296 |    27 ||   323
       Skin              |       |       |       |    15 |       ||    15
Dodge: Dodged            |    37 |    50 |   129 |   157 |    15 ||   388
Block: Kite shield       |       |       |       |    31 |       ||    31

Table legend: (Time is in decaauts)
 A = Elapsed time spent in this place.
 B = Non-inter-level travel time spent in this place.
 C = Inter-level travel time spent in this place.
 D = Time resting spent in this place.
 E = Time spent auto-exploring this place.
 F = Levels seen in this place.
 G = Mean time per level.
                   A        B        C        D        E       F      G
               +--------+--------+--------+--------+--------+-----+--------+
         Total |  15396 |  14850 |    546 |      0 |  11389 |  15 | 1026.4 |
       Dungeon |  10938 |  10485 |    453 |      0 |   8088 |  11 |  994.4 |
          Lair |   4108 |   4015 |     93 |      0 |   3012 |   3 | 1369.3 |
      Ice Cave |    349 |    349 |      0 |      0 |    288 |   1 |  349.0 |
               +--------+--------+--------+--------+--------+-----+--------+

Top non-repeatable levels by time:
  Lair:2: 2560 daAuts
     D:3: 1335 daAuts
  Lair:1: 1311 daAuts
    D:10: 1267 daAuts
     D:4: 1184 daAuts
     D:2: 1176 daAuts
    D:11: 1041 daAuts
     D:9: 997 daAuts
     D:8: 883 daAuts
     D:7: 870 daAuts
     D:6: 815 daAuts
     D:1: 802 daAuts
     D:5: 562 daAuts
   IceCv: 349 daAuts
  Lair:3: 235 daAuts
